 Dungeon Crawl Stone Soup version 0.20.0-8-g6b59dc7 (webtiles) character file.

413 greprep the Shield-Bearer (level 7, -3/55 HPs)
             Began as a Formicid Fighter on June 2, 2017.
             Was a Follower of Uskayaw.
             Slain by an orc warrior
             ... wielding a cursed -1 trident
              (6 damage)
             ... on level 5 of the Dungeon.
             The game lasted 00:09:12 (3551 turns).

greprep the Shield-Bearer (Formicid Fighter)        Turns: 3551, Time: 00:09:13

Health: -3/55      AC:  7    Str: 22    XL:     7   Next: 14%
Magic:  7/7        EV:  9    Int:  8    God:    Uskayaw [*.....]
Gold:   317        SH: 10    Dex: 10    Spells: 6/6 levels left

rFire    . . .     SeeInvis +   A - +0 scimitar
rCold    + . .     Gourm    .   c - +0 shield
rNeg     + . .     Faith    .   b - +0 scale mail
rPois    .         Spirit   .   (helmet unavailable)
rElec    .         Reflect  .   (no cloak)
rCorr    .         Harm     .   (no gloves)
MR       .....                  (no boots)
Stlth    ..........             o - amulet of regeneration
Regen    0.6/turn               m - ring of protection from cold
MPRegen  0.1/turn               x - ring of positive energy

@: no status effects
A: permanent stasis, dig shafts and tunnels, four strong arms, antennae 3
a: Dig, Shaft Self, Stomp, Renounce Religion


You were on level 5 of the Dungeon.
You worshipped Uskayaw.
Uskayaw was noncommittal.
You were not hungry.

You visited 1 branch of the dungeon, and saw 5 of its levels.

You collected 317 gold pieces.

Inventory:

Hand Weapons
 A - a +0 scimitar (weapon)
Armour
 b - a +0 scale mail (worn)
 c - a +0 shield (worn)
Jewellery
 m - a ring of protection from cold (left hand)
 o - an amulet of regeneration (around neck)
 q - an uncursed ring of wizardry
 x - a ring of positive energy (right hand)
 y - an uncursed ring of see invisible {unknown}
Wands
 z - a wand of polymorph (19/24)
Scrolls
 g - a scroll of enchant weapon {unknown}
 h - 7 scrolls of remove curse
 j - 4 scrolls of identify
 k - a scroll of blinking {unknown}
 n - 4 scrolls of teleportation {unknown}
 u - a scroll of recharging {unknown}
Potions
 d - a potion of might
 e - 3 potions of agility {unknown}
 i - 2 potions of degeneration {unknown}
 l - a potion of curing {unknown}
 p - a potion of brilliance {unknown}
 t - 2 potions of mutation {unknown}
 v - 2 potions of berserk rage {unknown}
 w - a potion of resistance {unknown}
Books
 B - a book of Minor Magic

   Spells                             Type                      Level
   a - Magic Dart                     Conjuration                  1
   b - Blink                          Translocation                2
   c - Call Imp                       Summoning                    2
   d - Slow                           Hexes                        2
   e - Conjure Flame                  Conjuration/Fire             3
   f - Mephitic Cloud                 Conjuration/Poison/Air       3
Comestibles
 f - 2 bread rations
 r - a fruit
 s - a royal jelly


   Skills:
 * Level 4.3 Fighting
 + Level 3.9 Long Blades
 * Level 4.4 Armour
 * Level 2.0 Dodging
 * Level 5.6 Shields
 * Level 0.5 Invocations


You had 6 spell levels left.
You didn't know any spells.

Dungeon Overview and Level Annotations

Branches:
Dungeon (5/15)             Temple (0/1) D:5

Altars:
Makhleb
Ru
Uskayaw


Innate Abilities, Weirdness & Mutations

You cannot be hasted, slowed, berserked, paralysed or teleported.
You can dig through walls and to a lower floor.
Your four strong arms can wield two-handed weapons with a shield.
You have a pair of large antennae on your head. (SInv)


Message History

You are too injured to fight recklessly!
You are too injured to fight recklessly!
You are too injured to fight recklessly!
You are too injured to fight recklessly!
You are too injured to fight recklessly!
Your scale mail prevents you from hitting the orc warrior.
The orc warrior is heavily wounded.
The orc warrior hits you with an enchanted trident!
You slash the orc warrior!
The orc warrior is severely wounded.
The orc warrior misses you.
You closely miss the orc warrior.
The orc warrior is severely wounded.
You block the orc warrior's attack.
You hit the orc warrior.
The orc warrior is almost dead.
The orc warrior hits you with an enchanted trident!!
* * * LOW HITPOINT WARNING * * *
The orc warrior hits you with an enchanted trident.
You die...

######.......##########
........####.##.......#
#####...#....<..#####.#
#........##.#### #.#
#.##...####.# #.#
#.##........# #.#
......#).....### #.#
##(.........o..# ##.#
#..####.....@.#####..#
#.. #.............## #.
#.......####..# #
..........####..##
.............##...#
#..........#....#.#
##########.#...[..#
######.....⌠..## .
#.>............##


You could see an orc warrior.

Vanquished Creatures
  A scorpion (D:5)
  A hound (D:4)
  A bullfrog skeleton (D:4)
  2 iguanas (D:5)
  A worker ant (D:4)
  A worker ant zombie (D:4)
  5 gnolls
  6 adders
  2 adder zombies (D:5)
  4 worms
  4 dart slugs
  6 leopard geckos
  4 orcs
  4 bats
  5 giant cockroaches
  13 hobgoblins
  4 jackals (D:4)
  2 ball pythons
  8 frilled lizards
  10 goblins
  6 kobolds
  A quokka skeleton (D:4)
  7 rats
98 creatures vanquished.

Notes
Turn   | Place    | Note
-------+----------+-------------------------------------------
     0 | D:1      | greprep the Formicid Fighter began the quest for the Orb.
     0 | D:1      | Reached XP level 1. HP: 18/18 MP: 1/1
    29 | D:1      | Reached XP level 2. HP: 20/24 MP: 2/2
   341 | D:1      | Reached skill level 4 in Shields
   352 | D:1      | Reached XP level 3. HP: 11/29 MP: 3/3
   815 | D:1      | Reached XP level 4. HP: 35/35 MP: 4/4
  1645 | D:3      | Reached XP level 5. HP: 38/42 MP: 5/5
  1823 | D:3      | Reached skill level 5 in Shields
  1838 | D:3      | Reached skill level 1 in Dodging
  2095 | D:3      | Found a sacrificial altar of Ru.
  2277 | D:4      | Found a hide-covered altar of Uskayaw.
  2454 | D:4      | Became a worshipper of Uskayaw the Reveler
  2495 | D:4      | Reached * piety under Uskayaw
  2496 | D:4      | Reached XP level 6. HP: 40/48 MP: 6/6
  2585 | D:4      | Found a burning altar of Makhleb.
  2592 | D:4      | Reached ** piety under Uskayaw
  3174 | D:5      | Entered Level 5 of the Dungeon
  3187 | D:5      | Reached *** piety under Uskayaw
  3328 | D:5      | Reached XP level 7. HP: 49/55 MP: 7/7
  3345 | D:5      | Found a staircase to the Ecumenical Temple.
  3551 | D:5      | Slain by an orc warrior

Skill      XL: |  1  2  3  4  5  6  7 |
---------------+----------------------+-----
Shields        | 4 5 |  5.6
Long Blades    | 3 |  3.9
Dodging        | 1 2 |  2.0
Fighting       | 4 |  4.3
Armour         | 4 |  4.4
Invocations    | |  0.5

Action                   |  1- 3 |  4- 6 |  7- 9 || total
-------------------------+-------+-------+-------++-------
Melee: Long sword        |   102 |   188 |       ||   290
       Scimitar          |       |    38 |    39 ||    77
  Use: Scroll            |       |     2 |       ||     2
 Stab: Paralysed         |       |     3 |       ||     3
  Eat: Chunk             |       |     3 |     1 ||     4
       Meat ration       |       |     1 |       ||     1
Armor: Scale mail        |    56 |    79 |     5 ||   140
Dodge: Dodged            |    52 |    78 |    18 ||   148
Block: Shield            |    85 |   119 |    15 ||   219
       Rpst.: Long sword |    16 |    19 |       ||    35
       Scimitar          |       |     2 |     9 ||    11
